 Dungeon Crawl Stone Soup version 0.32-a0-18-g89e19f1974 (webtiles) character file.

Game seed: 3151354689557130146

355 Sabo the Ducker (level 6, 0/53 HPs)
             Began as a Gnoll Monk on Jan 16, 2024.
             Was a Follower of Ashenzari.
             Incinerated by a bombardier beetle (6 damage)
             ... with a burning spray
             ... on level 4 of the Dungeon on Jan 17, 2024.
             The game lasted 00:21:22 (3129 turns).

Sabo the Ducker (Gnoll Monk)                        Turns: 3129, Time: 00:21:23

Health: 0/53       AC: 13    Str: 13    XL:     6   Next: 63%
Magic:  9/9        EV: 13    Int:  9    God:    Ashenzari [*.....]
Gold:   299        SH:  0    Dex: 14    Spells: 9/9 levels left

rFire   . . .        c - +0 morningstar
rCold   . . .        d - orb of the Oracular Pleiades {light, Comp, Elem} (curse)
rNeg    . . .        i - +0 chain mail
rPois   .            (no helmet)
rElec   .            l - +2 cloak of the Profound Doubts {Bglg, Range} (curse)
rCorr   .            p - +1 pair of gloves
SInv    .            (no boots)
Will    .....        (no amulet) Stlth
                     n - +5 ring of evasion
HPRegen 0.28/turn    (no ring)
MPRegen 0.11/turn

%: no passive effects
@: on fire, glowing
A: fangs 1, strong nose, distributed training
a: Renounce Religion, Shatter the Chains


You were on level 4 of the Dungeon.
You worshipped Ashenzari.
Ashenzari was aware of your devotion.
You visited 1 branch of the dungeon, and saw 4 of its levels.

You collected 299 gold pieces.

Inventory:

Hand Weapons
 a - a +0 hand axe
 c - a +0 morningstar (weapon)
 m - a +0 sling
Missiles
 j - 2 poisoned darts (quivered)
Armour
 d - the cursed orb of the Oracular Pleiades (worn) {light, Comp, Elem}

   It has a curse which improves the following skills: Companions: Summonings
   and Necromancy.
   Elements:  Fire Magic, Ice Magic, Air Magic and Earth Magic.
 i - a +0 chain mail (worn)
 l - the cursed +2 cloak of the Profound Doubts (worn) {Bglg, Range}
   (You found it on level 1 of the Dungeon)

   It has a curse which improves the following skills: Beguiling: Hexes and
   Translocations.
   Ranged Combat: Ranged Weapons and Throwing.
 p - a +1 pair of gloves (worn)
Jewellery
 f - a ring of ice
 n - a +5 ring of evasion (left hand)
 o - a ring of fire
Wands
 q - a wand of digging (6)
 r - a wand of mindburst (8)
Scrolls
 b - a scroll of blinking
 e - a scroll of revelation
 g - 2 scrolls of teleportation
Potions
 h - a potion of haste
 k - a potion of cancellation


   Skills:
 + Level 6.9 Fighting
 + Level 2.1 Short Blades
 + Level 2.1 Long Blades
 + Level 6.9 Axes
 + Level 2.1 Maces & Flails
 + Level 2.1 Polearms
 + Level 2.1 Staves
 + Level 2.1(2.7) Ranged Weapons
 + Level 2.1(2.7) Throwing
 + Level 2.1 Armour
 + Level 6.9 Dodging
 + Level 2.1 Stealth
 + Level 2.1 Shields
 + Level 2.1 Unarmed Combat
 + Level 2.1 Spellcasting
 + Level 1.7 Conjurations
 + Level 1.7(2.3) Hexes
 + Level 1.7(2.3) Summonings
 + Level 1.7(2.3) Necromancy
 + Level 1.7(2.3) Translocations
 + Level 1.7(2.3) Fire Magic
 + Level 1.7(2.3) Ice Magic
 + Level 1.7(2.3) Air Magic
 + Level 1.7(2.3) Earth Magic
 + Level 1.7 Alchemy
 + Level 2.3 Invocations
 + Level 2.1 Evocations
 + Level 1.9 Shapeshifting


You had 9 spell levels left.
You didn't know any spells.
Your spell library contained the following spells:

 Spells                   Type           Power      Damage    Failure   Level
 Shock                    Conj/Air       16%        1d4       96%         1
 Blink                    Tloc           10%        N/A       98%         2
 Lesser Beckoning         Tloc           10%        N/A       98%         2
 Momentum Strike          Conj/Tloc      8%         3d8       99%         2
 Fugue of the Fallen      Necr           5%         N/A       100%        3
 Hailstorm                Conj/Ice       4%         3d5       100%        3
 Ozocubu's Armour         Ice            5%         N/A       100%        3
 Summon Ice Beast         Ice/Summ       5%         N/A       100%        3
 Manifold Assault         Tloc           5%         N/A       100%        4
 Freezing Cloud           Conj/Ice/Air   2%         6-21      100%        5
 Silence                  Hex/Air        2%         N/A       100%        5
 Sculpt Simulacrum        Ice/Alch       2%         N/A       100%        6


Dungeon Overview and Level Annotations

Branches:
Dungeon (4/15)
 Temple: D:4-7

Altars:
Ashenzari
Cheibriados
Dithmenos
Gozag
Kikubaaqudgha
Qazlal
Vehumet


Innate Abilities, Weirdness & Mutations

You have very sharp teeth.
Your uncanny sense of smell can sniff out nearby items.
Your experience applies equally to all skills.


Message History

The ball python constricts you.
You hit the bombardier beetle.
The bombardier beetle is almost dead.
The liquid fire burns you!
The ball python bites you but does no damage.
The ball python constricts you.
The bombardier beetle sprays incendiary fluid at you.
The burning spray hits you.
You are even more covered in liquid fire!
An orc comes into view. It is wielding a +0 club.
The orc shouts!
You sock the bombardier beetle!
You kill the bombardier beetle!
The liquid fire burns you! The ball python bites you.
The ball python constricts you.
The ball python bites you but does no damage.
The ball python constricts you.
You barely miss the orc. The liquid fire burns you! The ball python misses you.
The ball python constricts you. The orc closely misses you.
An ogre comes into view. It is wielding a +0 giant club.
The ball python bites you but does no damage.
The ball python constricts you. The orc hits you but does no damage.
The ogre moves out of view.
You puncture the ball python!
You kill the ball python!
The liquid fire burns you!
* * * LOW HITPOINT WARNING * * *
An orc comes into view. It is wielding a +0 flail.
The orc barely misses you. x2
The orc shouts!
You hit the orc but do no damage. The liquid fire burns you!
* * * LOW HITPOINT WARNING * * *
The orc hits you but does no damage. The orc misses you.
You puncture the orc!
You kill the orc!
The liquid fire burns you!
You die...

#<..........
####........
#........
#........
#........
#........
####........
#.$.........
#...@.......
∆
#..o)†.#####
#....o.#
#......#
#######. ..
... ..#


You could see 2 orcs.

Vanquished Creatures
  The ghost of cforsyth the Changeling, a weakling OnSh (D:3)
  A bombardier beetle (D:4)
  Jessica (D:3)
  A sleepcap (D:4)
  Terence (D:3)
  8 adders
  4 gnolls (D:3)
  2 dart slugs
  6 orcs
  7 endoplasms
  4 giant cockroaches
  12 goblins
  2 hobgoblins
  7 jackals
  4 quokkas
  4 ball pythons
  4 bats
  7 frilled lizards
  5 kobolds
  5 rats
86 creatures vanquished.

Notes
Turn   | Place    | Note
-------+----------+-------------------------------------------
     0 | D:1      | Sabo the Gnoll Monk began the quest for the Orb.
     0 | D:1      | Reached XP level 1. HP: 23/23 MP: 1/1
   345 | D:1      | Reached XP level 2. HP: 29/29 MP: 2/2
  1089 | D:2      | Reached XP level 3. HP: 35/35 MP: 3/3
  1125 | D:2      | Found a snail-covered altar of Cheibriados.
  1342 | D:2      | Reached skill level 1 in Invocations
  1385 | D:2      | Reached skill level 1 in Short Blades
  1385 | D:2      | Reached skill level 1 in Long Blades
  1385 | D:2      | Reached skill level 1 in Maces & Flails
  1385 | D:2      | Reached skill level 1 in Polearms
  1385 | D:2      | Reached skill level 1 in Staves
  1385 | D:2      | Reached skill level 1 in Ranged Weapons
  1385 | D:2      | Reached skill level 1 in Throwing
  1385 | D:2      | Reached skill level 1 in Armour
  1385 | D:2      | Reached skill level 1 in Stealth
  1385 | D:2      | Reached skill level 1 in Shields
  1385 | D:2      | Reached skill level 1 in Unarmed Combat
  1385 | D:2      | Reached skill level 1 in Spellcasting
  1385 | D:2      | Reached skill level 1 in Evocations
  1492 | D:2      | Reached skill level 1 in Shapeshifting
  1492 | D:2      | Reached XP level 4. HP: 32/41 MP: 5/5
  1741 | D:2      | Found a faded altar of an unknown god.
  1751 | D:2      | Got the Octavo of Ensnaring Feathers
  1754 | D:2      | Prayed at the altar of an unknown god.
  1754 | D:2      | Became a worshipper of Ashenzari the Shackled
  1777 | D:2      | Reached * piety under Ashenzari
  1780 | D:2      | Upgraded the game from 0.32-a0-17-gb74e046682 to
                  | 0.32-a0-18-g89e19f1974
  1899 | D:3      | Reached skill level 1 in Conjurations
  1899 | D:3      | Reached skill level 1 in Hexes
  1899 | D:3      | Reached skill level 1 in Summonings
  1899 | D:3      | Reached skill level 1 in Necromancy
  1899 | D:3      | Reached skill level 1 in Translocations
  1899 | D:3      | Reached skill level 1 in Fire Magic
  1899 | D:3      | Reached skill level 1 in Ice Magic
  1899 | D:3      | Reached skill level 1 in Air Magic
  1899 | D:3      | Reached skill level 1 in Earth Magic
  1899 | D:3      | Reached skill level 1 in Alchemy
  1920 | D:3      | Found a runed translucent gate.
  1925 | D:3      | Found a runed translucent gate.
  1925 | D:3      | Found an opulent altar of Gozag.
  1939 | D:3      | Found a runed translucent gate.
  1940 | D:3      | Noticed cforsyth's ghost (weakling OnSh)
  1974 | D:3      | Killed cforsyth's ghost
  1975 | D:3      | Reached XP level 5. HP: 19/47 MP: 5/7
  2172 | D:3      | HP: 2/47 [gnoll/+0 club (4)]
  2187 | D:3      | HP: 2/47 [orc/+0 hand axe (3)]
  2616 | D:3      | Noticed Terence
  2624 | D:3      | Reached XP level 6. HP: 46/53 MP: 8/8
  2638 | D:3      | Killed Terence
  2769 | D:3      | Noticed Jessica
  2781 | D:3      | Killed Jessica
  2918 | D:3      | Found a radiant altar of Vehumet.
  2918 | D:3      | Found a shadowy altar of Dithmenos.
  2926 | D:3      | Found a snail-covered altar of Cheibriados.
  2933 | D:3      | Found a stormy altar of Qazlal.
  2935 | D:3      | Found an ancient bone altar of Kikubaaqudgha.
  3129 | D:4      | Incinerated by a bombardier beetle

Illustrated notes

Levels and vault maps discovered:
D:1:      erik_arrival_cave_to_civilisation [erik_arrival_cave_to_hall],
          layout_basic, corexii_corridor_pit
D:2:      layout_basic, shapermc_ecumenical_altar_petra, basic_altar,
          grunt_ministairs_2, kennysheep_generic_room_3
D:3:      layout_basic, chequers_temple_overflow_minitemple,
          ebering_ghost_gozag, uniq_jessica, uniq_terence
D:4:      layout_basic, ashenzari_altar_1, chequers_serial_rivers_micro_a,
          uniq_blork_the_orc

Skill      XL: |  1  2  3  4  5  6 |
---------------+-------------------+-----
Invocations    | 1 2 |  2.3
Short Blades   | 1 2 |  2.1
Long Blades    | 1 2 |  2.1
Maces & Flails | 1 2 |  2.1
Polearms       | 1 2 |  2.1
Staves         | 1 2 |  2.1
Ranged Weapons | 1 2 |  2.1
Throwing       | 1 2 |  2.1
Armour         | 1 2 |  2.1
Stealth        | 1 2 |  2.1
Shields        | 1 2 |  2.1
Unarmed Combat | 1 2 |  2.1
Spellcasting   | 1 2 |  2.1
Evocations     | 1 2 |  2.1
Shapeshifting  | 1 |  1.9
Conjurations   | 1 |  1.7
Hexes          | 1 |  1.7
Summonings     | 1 |  1.7
Necromancy     | 1 |  1.7
Translocations | 1 |  1.7
Fire Magic     | 1 |  1.7
Ice Magic      | 1 |  1.7
Air Magic      | 1 |  1.7
Earth Magic    | 1 |  1.7
Alchemy        | 1 |  1.7
Fighting       | |  6.9
Axes           | |  6.9
Dodging        | |  6.9

Action                     |  1- 3 |  4- 6 || total
---------------------------+-------+-------++-------
  Melee: Hand axe          |    77 |   127 ||   204
         Bite              |     7 |    30 ||    37
         Morningstar       |       |    37 ||    37
 Invoke: Curse Item        |       |     2 ||     2
    Use: Potion            |       |     2 ||     2
         Scroll            |       |     2 ||     2
 Armour: Robe              |     3 |       ||     3
         Leather armour    |     3 |       ||     3
         Ring mail         |    22 |    77 ||    99
         Scale mail        |       |    24 ||    24
         Chain mail        |       |    37 ||    37
  Dodge: Dodged            |    55 |   127 ||   182

Table legend: (Time is in decaauts)
 A = Elapsed time spent in this place.
 B = Non-inter-level travel time spent in this place.
 C = Inter-level travel time spent in this place.
 D = Time resting spent in this place.
 E = Time spent auto-exploring this place.
 F = Levels seen in this place.
 G = Mean time per level.
                   A        B        C        D        E       F      G
               +--------+--------+--------+--------+--------+-----+--------+
         Total |   3136 |   3136 |      0 |    279 |      0 |   4 |  784.0 |
       Dungeon |   3136 |   3136 |      0 |    279 |      0 |   4 |  784.0 |
               +--------+--------+--------+--------+--------+-----+--------+

Top non-repeatable levels by time:
     D:3: 1209 daAuts
     D:1: 1027 daAuts
     D:2: 855 daAuts
     D:4: 43 daAuts
